 Dungeon Crawl Stone Soup version 0.21.1-1-g345015fe64 (webtiles) character file.

566759 Jannitor the Scorcher (level 25, 0/140 HPs)
             Began as a Demonspawn Earth Elementalist on May 1, 2018.
             Was the Champion of Okawaru.
             Slain by a jiangshi (7 damage)
             ... led by a vampire mage
             ... on level 3 of the Abyss on May 2, 2018.
             The game lasted 04:25:26 (87482 turns).

Jannitor the Scorcher (DsEE)                       Turns: 87482, Time: 04:25:27

Health: 0/140      AC: 37    Str: 13      XL:     25   Next: 51%
Magic:  24/28      EV: 16    Int: 23 (25) God:    Okawaru [******]
Gold:   5204       SH:  0    Dex: 15 (17) Spells: 12/51 levels left

rFire    . . .     SeeInvis +   U - +9 lajatang (elec)
rCold    + + +     Gourm    .   (shield currently unavailable)
rNeg     . . .     Faith    .   X - +8 orange crystal plate armour {Archmagi, Int+3 Clar}
rPois    .         Spirit   .   f - +1 helmet of the Game of Life {rElec}
rElec    +         Reflect  .   u - +0 cloak
rCorr    .         Harm     .   N - +2 pair of gloves {Str+3}
MR       +++++     Clarity  +   (boots unavailable) Stlth +.........Rnd*Tele +
                                v - amulet "Nolyplin" {Regen+ Int+5 Dex+2}
HPRegen  0.00/turn              Z - ring of see invisible
MPRegen  0.21/turn              I - ring of the Skies Above {Wiz *Corrode rC+++ MR+++ Str-2}

@: agile, heroism, very slightly contaminated, regenerating, drained
A: talons 3, camouflage 1, [berserk 3], [blurry vision 3], [clumsy 2], [deformed
body], [deterioration 2], [dopey 2], [frail 3], foul stench 2, [low mp 3], magic
resistance 1, nightstalker 3, sense surroundings 1, regeneration 1, [screaming
3], [inhibited regeneration], [teleportitis 3], [weak 2], augmentation 2, [no
potion heal 3], rot immunity, subdued magic 1[+2], MP-powered wands, sturdy
frame 3
}: 3/15 runes: barnacled, abyssal, gossamer
a: Heroism, Finesse, Renounce Religion


You were on level 3 of the Abyss.
You worshipped Okawaru.
Okawaru was exalted by your worship.
You were not hungry.

You visited 10 branches of the dungeon, and saw 43 of its levels.
You visited the Abyss 3 times.
You also visited: Sewer, Ossuary and Ice Cave.

You collected 6845 gold pieces.
You spent 1641 gold pieces at shops.

Inventory:

Hand Weapons
 c - the +4 lajatang "Oblolyw" {speed, rPois}
   (You acquired it on level 13 of the Dungeon)

   Attacks with this weapon are significantly faster.
   It protects you from poison.
 U - a +9 lajatang of electrocution (weapon)
Missiles
 b - 1604 stones (quivered)
Armour
 f - the +1 helmet of the Game of Life (worn) {rElec}
   (You found it on level 3 of the Shoals)

   It insulates you from electricity.
 t - the +0 helmet of Springtime {Str+2}
   (You found it on level 7 of the Dungeon)

   It affects your strength (+2).
 u - a +0 cloak (worn)
 C - +3 fire dragon scales
 N - a +2 pair of gloves of strength (worn)
 X - the +8 orange crystal plate armour (worn) {Archmagi, Int+3 Clar}
   (You found it on level 5 of the Lair of Beasts)

   It affects your intelligence (+3).
   It protects you against confusion.
Jewellery
 r - an uncursed ring of protection from fire
 v - the amulet "Nolyplin" (around neck) {Regen+ Int+5 Dex+2}
   (You found it on level 6 of the Lair of Beasts)

   [amulet of regeneration]

   It affects your intelligence (+5).
   It affects your dexterity (+2).
   It increases your rate of regeneration.
 I - the ring of the Skies Above (right hand) {Wiz *Corrode rC+++ MR+++ Str-2}
   (You found it on level 11 of the Dungeon)

   [ring of wizardry]

   It improves your spell success rate.
   It affects your strength (-2).
   It renders you almost immune to cold.
   It affects your resistance to hostile enchantments.
   It may corrode you when you take damage.
 Z - a ring of see invisible (left hand)
Wands
 k - a wand of digging (51)
 x - a wand of acid (1)
 A - a wand of polymorph (35)
 G - a wand of iceblast (85)
 H - a wand of paralysis (57)
Scrolls
 a - 4 scrolls of vulnerability
 j - 5 scrolls of magic mapping
 m - 24 scrolls of remove curse
 p - a scroll of enchant armour
 q - 8 scrolls of amnesia
 z - 14 scrolls of identify
 B - 3 scrolls of fog
 P - a scroll of teleportation
 Q - 3 scrolls of enchant weapon
 Y - 2 scrolls of fear
Potions
 g - 2 potions of resistance
 h - 17 potions of curing
 i - 6 potions of lignification
 l - 6 potions of ambrosia
 n - 7 potions of flight
 o - 6 potions of mutation
 s - a potion of invisibility
 w - 3 potions of might
 J - 5 potions of haste
 M - 2 potions of berserk rage
 O - 5 potions of brilliance
 S - 2 potions of cancellation
Books
 y - a book of Party Tricks

   Spells                             Type                      Level
   a - Summon Butterflies             Summoning                    1
   b - Apportation                    Translocation                1
   c - Lesser Beckoning               Translocation                3
   d - Tukima's Dance                 Hexes                        3
   e - Alistair's Intoxication        Transmutation/Poison         5
   f - Invisibility                   Hexes                        6
 E - a book of Enchantments

   Spells                             Type                      Level
   a - Cause Fear                     Hexes                        4
   b - Yara's Violent Unravelling     Hexes/Transmutation          5
   c - Silence                        Hexes/Air                    5
   d - Deflect Missiles               Charms/Air                   6
   e - Discord                        Hexes                        8
 F - a book of Fire

   Spells                             Type                      Level
   a - Ignite Poison                  Fire/Transmutation/Poison    3
   b - Fireball                       Conjuration/Fire             5
   c - Bolt of Fire                   Conjuration/Fire             6
   d - Ring of Flames                 Charms/Fire                  7
   e - Ignition                       Fire                         8
Miscellaneous
 L - a lamp of fire
 R - 2 boxes of beasts
 W - a phial of floods
Comestibles
 d - 53 rations


   Skills:
 + Level 17.3(21.6) Fighting
 - Level 14.0(18.3) Staves
 + Level 17.5(21.8) Armour
 - Level 10.4(14.7) Dodging
 - Level 1.7(6.2) Stealth
 + Level 13.8(13.2) Spellcasting
 - Level 14.7(14.1) Conjurations
 + Level 11.3(10.7) Charms
 + Level 8.4(7.9) Summonings
 - Level 3.0(2.6) Translocations
 - Level 3.1(2.7) Transmutations
 * Level 18.4(17.8) Fire Magic
 - Level 11.0(10.4) Earth Magic
 - Level 8.4(7.9) Invocations


You had 12 spell levels left.
You knew the following spells:

 Your Spells              Type           Power        Failure   Level  Hunger
a - Sandblast             Erth           ######       1%          1    None
b - Stone Arrow           Conj/Erth      ######       1%          3    None
c - Passwall              Tmut/Erth      #####.....   1%          2    None
d - Lee's Rapid Deconstr  Erth           ######....   3%          5    ###....
e - Blink                 Tloc           N/A          5%          2    None
f - Petrify               Tmut/Erth      #####...     7%          4    None
g - Bolt of Fire          Conj/Fire      ######....   1%          6    #####..
h - Regeneration          Chrm/Necr      ####......   3%          3    None
i - Spectral Weapon       Hex/Chrm       ####....     3%          3    None
j - Song of Slaying       Chrm           ######..     1%          2    None
k - Apportation           Tloc           ###...       3%          1    None
l - Summon Butterflies    Summ           #####...     1%          1    None
m - Deflect Missiles      Chrm/Air       ####......   90%         6    #####..


Dungeon Overview and Level Annotations

Branches:
Dungeon (15/15)            Temple (1/1) D:7            Lair (6/6) D:11
 Shoals (4/4) Lair:4       Spider (4/4) Lair:4        Slime (0/5) Lair:6
    Orc (2/2) D:12            Elf (3/3) Orc:2        Vaults (4/5) D:13
  Crypt (1/3) Vaults:3     Depths (3/5) D:15

Altars:
Ashenzari
Cheibriados
Dithmenos
Elyvilon
Fedhas
Gozag
Hepliaklqana
Kikubaaqudgha
Makhleb
Nemelex Xobeh
Okawaru
Qazlal
Ru
Sif Muna
Trog
Uskayaw
Vehumet
Wu Jian
Xom
Yredelemnul
Zin
The Shining One
Beogh
Jiyva

Shops:
D:8 (   D:11 (   D:12 (((   Orc:1 [   Orc:2 ?(}[   Elf:1 (   Elf:3 (
Vaults:1 [[*

Portals:
Hell: Depths:1 Depths:2 Depths:3
Abyss: Depths:3
Pandemonium: Depths:3
Ziggurat: Depths:1

Annotations:
D:3 2 transporters
D:5 Fymir27's ghost, novice TrMo
D:6 1 runed door
D:8 Findor's ghost, novice NaWr
D:13 5 runed doors
Lair:6 exclusion: 3 oklob plants
Spider:1 exclusion: 3 doors
Elf:2 3 runed doors


Innate Abilities, Weirdness & Mutations

You have claws for feet.
You frequently emit foul miasma when damaged in melee.
You are completely attuned to the shadows.
Your magical and physical power is enhanced at high health.
You are immune to rotting.
Your movements are significantly less encumbered by armour. (ER -6)
Your skin changes colour to match your surroundings (Stealth+).
You are resistant to hostile enchantments. (MR+)
You passively map a small area around you.
Your natural rate of healing is unusually fast.
You expend magic power (3 MP) to strengthen your wands.
[You have an uncontrollable temper.]
[Scrolls take you much longer to read.]
[You are very clumsy. (Dex -4)]
[Armour fits poorly on your strangely shaped body.]
[Your body often deteriorates upon taking damage.]
[You are very dopey. (Int -4)]
[You are extremely frail. (-30% HP)]
[Your magical capacity is extremely low. (-30% MP)]
[You frequently scream uncontrollably at your foes.]
[You do not regenerate when monsters are visible.]
[You are often teleported next to monsters.]
[You are very weak. (Str -4)]
[Potions cannot restore your health.]
[Your spells are much easier to cast, but much less powerful.]


Message History

Confirm with . or Enter, or press ? or * to list all spells.
You feel a surge of power!
You blink.
The unseen horror barely misses you.
The orb spider pulsates with a strange energy.
The unseen horror hits you but does no damage.
Casting: Blink
Confirm with . or Enter, or press ? or * to list all spells.
You feel a surge of power!
Your skin crawls.
The unseen horror hits you but does no damage.
Unknown command.
The unseen horror completely misses you.
The orb spider weaves a glowing orb of energy.
The unseen horror hits you but does no damage.
An orb of destruction comes into view.
Really read with blurry vision while enemies are nearby?
The unseen horror misses you. x2
You begin reading the scroll.
You continue reading the scroll.
The orb of destruction hits the unseen horror.
The unseen horror is blown up!
The jiangshi barely misses you. The jiangshi claws you!
You die...

# ######
...s§V@#
##V######.
#§..V##. .
##.#....#
##4...###
### ###..#
## #.## #
†.#.. # ..
#..# #s#..
. #.# # .
. #.. .#


You could see 2 jiangshi and an orb spider.

Vanquished Creatures
  Sojobo (Depths:2)
  Boris (Depths:3)
  Nikola (Spider:3)
  8 bone dragons
  Jorgrun (Depths:2)
  2 hellephants
  6 tentacled monstrosities
  8 liches
  An Ice Fiend (IceCv)
  The ghost of Snarbu88 the Tortoise, an adept MiBe of Trog (Elf:3)
  6 deep elf blademasters (Elf:3)
  The ghost of Delanovic the Slayer, an adept MiGl of Okawaru (Depths:2)
  3 deep elf master archers (Elf:3)
  An ancient champion (Vaults:3)
  3 sphinxes
  2 Executioners
  31 tentacled starspawn
  Kirke (D:12)
  2 tengu reavers (Depths:2)
  Ilsuiw (Shoals:3)
  4 fire giants
  4 frost giants
  2 daevas
  The ghost of Kejsarherre the Bludgeoner, a journeyman OgHu of Dithmenos (D:12)
  6 ghost moths
  3 balrugs
  4 cacodemons
  A draconian annihilator (Abyss:3)
  The ghost of host the Warrior, a journeyman MiBe of Trog (Elf:1)
  6 emperor scorpions
  7 vault wardens
  7 deep elf sorcerers
  6 ghouls
  2 angels
  Aizul (Spider:3)
  2 deep elf elementalists (Elf:3)
  21 very ugly things
  8 stone giants
  13 ironheart preservers
  A green draconian (Abyss:1)
  7 entropy weavers
  A vampire knight (Depths:3)
  Azrael (Spider:1)
  2 deep elf demonologists (Elf:3)
  A purple draconian (Abyss:1)
  2 dire elephants
  The ghost of tmwh the Severer, a journeyman HOFi of Makhleb (Spider:1)
  10 deep elf annihilators
  6 spark wasps
  70 starcursed masses
  4 eidola
  3 blizzard demons
  2 green deaths (Abyss:3)
  2 merfolk javelineers
  A mummy priest (Depths:1)
  5 deep elf death magi
  6 ettins
  15 merfolk impalers
  2 crystal guardians
  Josephine (D:12)
  7 jiangshi
  Fannar (D:12)
  5 fire dragons
  15 yaktaur captains
  6 rakshasas
  2 deep elf high priests (Elf:3)
  3 hydras
  5 great orbs of eyes
  2 catoblepae (Lair:6)
  A quicksilver dragon skeleton (Abyss:3)
  A spriggan air mage (Depths:3)
  A naga warrior (Abyss:3)
  A merfolk avatar (Shoals:3)
  A vault guard (Vaults:1)
  9 ice dragons
  3 death knights
  9 centaur warriors
  5 merfolk aquamancers
  Erica (D:12)
  14 ogre magi
  36 two-headed ogres
  13 dancing weapons
  A hell hog (Abyss:3)
  6 deep troll shamans
  3 death yaks (Lair:6)
  2 tengu warriors
  4 satyrs (Shoals:3)
  7 vampire magi
  A deep troll earth mage (Depths:2)
  2 orc high priests (Depths:1)
  A spriggan berserker (Depths:3)
  47 thrashing horrors
  Urug (D:13)
  4 sun demons (Abyss:3)
  15 hell knights
  A shadow wraith (Abyss:3)
  26 wretched stars
  21 deep elf knights
  An iron troll (Depths:3)
  5 sixfirhies
  7 skeletal warriors
  22 deep trolls
  A golden dragon zombie (Abyss:4)
  A death drake (Abyss:3)
  5 spatial maelstroms
  A death drake (shapeshifter) (D:15)
  22 sea snakes
  4 wizards
  6 unseen horrors
  A flayed ghost (Vaults:4)
  A shadow dragon zombie (Abyss:3)
  2 phantasmal warriors
  16 deep elf archers
  A storm dragon skeleton (Abyss:3)
  An anaconda skeleton (Abyss:3)
  4 glowing orange brains
  2 lindwurms (Lair:6)
  6 orc knights
  12 ironbrand convokers
  71 large abominations
  5 harpies
  55 deep elf magi
  A salamander (Abyss:3)
  19 fauns
  An orb spider (shapeshifter) (Vaults:1)
  15 orb spiders
  26 wolf spiders
  13 manticores
  20 cyclopes
  51 ugly things
  2 necromancers
  13 orc sorcerers
  A cyclops (shapeshifter) (Depths:1)
  2 moths of wrath (Spider:2)
  10 worldbinders
  A human zombie (Vaults:4)
  A toenail golem (Abyss:3)
  A guardian serpent (shapeshifter) (Vaults:1)
  A stone giant skeleton (Abyss:3)
  An ice statue (IceCv)
  A black mamba (shapeshifter) (D:15)
  8 elephants
  10 merfolk sirens
  7 orange demons
  8 torpor snails
  4 water nymphs
  6 black mambas
  4 guardian serpents (Abyss:3)
  A rust devil (Abyss:3)
  Psyche (D:12)
  4 apocalypse crabs (Abyss:3)
  11 vault sentinels
  10 spiny frogs
  A gargoyle (D:14)
  20 smoke demons
  4 komodo dragons
  A yaktaur (shapeshifter) (Abyss:3)
  54 yaktaurs
  2 kobold demonologists (Depths:1)
  8 ice devils
  3 rime drakes
  A tormentor (Abyss:3)
  A green draconian zombie (Crypt:1)
  A yaktaur zombie (Vaults:4)
  4 efreet (Abyss:3)
  3 anaconda simulacra (IceCv)
  17 ancient zymes
  7 freezing wraiths
  3 tengu conjurers
  16 demonic crawlers
  A rime drake (shapeshifter) (Depths:2)
  A human skeleton (Vaults:4)
  A golden dragon simulacrum (IceCv)
  9 hellwings
  6 wind drakes
  4 red devils (Abyss:3)
  33 merfolk
  A polar bear (shapeshifter) (Vaults:4)
  A queen bee (D:12)
  3 meliai (D:12)
  A meliai (shapeshifter) (Abyss:3)
  A polar bear (Lair:6)
  17 hornets
  4 trolls
  24 jumping spiders
  Grinder (D:4)
  3 tyrant leeches (Lair:6)
  11 hippogriffs
  18 slime creatures
  7 blink frogs
  56 raiju
  9 snapping turtles
  A snapping turtle (shapeshifter) (Vaults:4)
  24 dream sheep
  A hippogriff (shapeshifter) (Abyss:3)
  3 raiju (shapeshifter)
  2 ettin zombies
  A stone giant simulacrum (Abyss:3)
  14 flying skulls
  2 shadows
  24 tarantellas
  62 redbacks
  25 yaks
  5 air elementals
  2 vampires (Abyss:3)
  16 ynoxinuls
  2 spriggans (Depths:3)
  10 water elementals
  A dire elephant simulacrum (IceCv)
  A yak (shapeshifter) (Abyss:3)
  2 humans (shapeshifter)
  11 wraiths
  5 fire elementals
  4 hogs (D:12)
  A steam dragon (Abyss:3)
  2 ettin skeletons (Abyss:3)
  2 basilisks
  A fire bat (Abyss:3)
  5 wyverns
  A golden eye (shapeshifter) (Vaults:3)
  20 chaos spawn
  A basilisk (shapeshifter) (Abyss:3)
  6 vampire mosquitoes
  2 hungry ghosts
  A hog (shapeshifter) (Abyss:3)
  3 death yak simulacra (IceCv)
  15 neqoxecs
  Menkaure (D:8)
  A deep troll zombie (Vaults:4)
  9 harpy simulacra (IceCv)
  8 wargs
  2 iron troll simulacra (IceCv)
  8 spatial vortices
  3 acid dragons
  An insubstantial wisp (Abyss:3)
  11 soldier ants (Spider:1)
  3 nagas (Abyss:3)
  2 hydra simulacra
  10 porcupines
  25 orc warriors
  A hell hound (Spider:1)
  Duvessa (D:5)
  15 water moccasins
  2 ice beasts (Abyss:3)
  A black bear (D:6)
  4 eyes of draining
  3 sky beasts
  A black bear (shapeshifter) (Depths:3)
  2 phantoms
  A spiny frog skeleton (Abyss:3)
  2 ettin simulacra
  An eye of draining (shapeshifter) (Abyss:3)
  An ogre (shapeshifter) (D:15)
  45 ogres
  6 wolves (Lair:1)
  9 boggarts
  8 centaurs
  23 crocodiles
  3 big kobolds
  The ghost of raetorn the Firebug, an amateur OpFE (D:3)
  Blork the orc (D:4)
  17 bullfrogs
  A gnoll sergeant (Orc:2)
  2 wyvern zombies
  7 earth elementals
  A cyclops zombie (Crypt:1)
  A wyvern skeleton (D:10)
  A water moccasin skeleton (D:7)
  7 scorpions
  54 small abominations
  Dowan (D:5)
  24 killer bees
  A raiju skeleton (Crypt:1)
  3 electric eels
  5 howler monkeys
  6 crimson imps
  A bullfrog zombie (D:8)
  4 draconian simulacra (IceCv)
  7 quasits
  3 centaur zombies
  7 hounds
  A jelly (D:6)
  12 orc priests
  2 centaur skeletons
  3 iron imps
  31 orc wizards
  6 iguanas
  6 lightning spires (Abyss:3)
  5 troll simulacra
  7 worker ants
  3 hell rats (Lair:5)
  A spriggan simulacrum (IceCv)
  8 big kobold zombies (Ossuary)
  3 centaur simulacra
  A hound zombie (D:9)
  2 hound skeletons
  A worker ant zombie (D:6)
  A mummy (Ossuary)
  3 gnolls
  8 adders
  3 naga simulacra (IceCv)
  2 ogre simulacra (IceCv)
  8 river rats
  2 shadow imps (D:13)
  13 white imps
  A swamp drake skeleton (Crypt:1)
  11 ufetubi
  An ooze (D:1)
  A worm zombie (Crypt:1)
  2 worms
  12 leopard geckos
  71 orcs
  3 spectral bats (Ossuary)
  3 giant cockroaches
  8 goblins
  8 hobgoblins
  14 jackals
  5 quokkas
  A ball python skeleton (Crypt:1)
  17 bats
  3 bat simulacra (Ossuary)
  13 frilled lizards
  4 gnoll zombies (Ossuary)
  5 goblin simulacra (Ossuary)
  5 goblin zombies (Ossuary)
  5 hobgoblin zombies (Ossuary)
  16 kobolds
  5 kobold simulacra (Ossuary)
  5 kobold zombies (Ossuary)
  A leopard gecko skeleton (D:5)
  3 orc zombies (Ossuary)
  2 quokka skeletons
  10 rats
  3 rat simulacra (Ossuary)
  A spectral goblin (Ossuary)
  3 spectral kobolds (Ossuary)
  2 spectral rats (Ossuary)
  A fungus (D:11)
  4 lurking horrors (Abyss:3)
  16 starspawn tentacles
2513 creatures vanquished.

Vanquished Creatures (collateral kills)
  Saint Roka (Depths:1)
  Rupert (Orc:2)
  A daeva (Abyss:3)
  2 ogre magi (Orc:2)
  2 orc wizards (Orc:2)
  An orc (Orc:2)
8 creatures vanquished.

Vanquished Creatures (others)
  An ogre mage (Vaults:2)
  A deep elf knight (Elf:1)
  A sea snake (Shoals:2)
  An unseen horror (Abyss:3)
  An ancient zyme (Abyss:3)
  3 raiju (Abyss:3)
  A flying skull (Abyss:4)
  A ynoxinul (Abyss:3)
  A fire bat (Abyss:3)
  A redback (Spider:1)
  A chaos spawn (Abyss:3)
  A spatial vortex (Abyss:3)
  An ogre (Depths:2)
  A small abomination (Abyss:3)
  An orc wizard (Orc:2)
  2 bushes
  22 fungi
  4 lurking horrors (Abyss:3)
  47 plants
  70 starspawn tentacles
162 creatures vanquished.

Grand Total: 2683 creatures vanquished

Notes
Turn   | Place    | Note
-------+----------+-------------------------------------------
     0 | D:1      | Jannitor the Demonspawn Earth Elementalist began the quest for the Orb.
     0 | D:1      | Reached XP level 1. HP: 13/13 MP: 3/3
   386 | D:1      | Gained mutation: Your movements are slightly less encumbered by armour. (ER -2) [demonic ancestry]
   386 | D:1      | Reached XP level 2. HP: 19/19 MP: 3/5
  1096 | D:1      | Gained mutation: You have sharp toenails. [demonic ancestry]
  1096 | D:1      | Reached XP level 3. HP: 24/24 MP: 6/6
  1840 | D:3      | Reached skill level 1 in Armour
  1881 | D:3      | Found a transporter.
  2043 | D:3      | Found a glowing drain.
  2108 | Sewer    | Entered a sewer
  2110 | Sewer    | Gained mutation: You are slightly more attuned to the shadows. [demonic ancestry]
  2110 | Sewer    | Reached XP level 4. HP: 30/30 MP: 5/8
  2165 | Sewer    | Noticed a big kobold
  2188 | Sewer    | Killed a big kobold
  2188 | Sewer    | Reached XP level 5. HP: 35/35 MP: 1/10
  2301 | Sewer    | Found a white marble altar of Elyvilon.
  2415 | D:3      | Found a transporter.
  2595 | D:3      | Noticed raetorn's ghost (amateur OpFE)
  2601 | D:3      | Learned a level 3 spell: Stone Arrow
  2735 | D:3      | Killed raetorn's ghost
  2735 | D:3      | Reached skill level 1 in Conjurations
  2929 | D:4      | Noticed Blork the orc
  2934 | D:4      | Killed Blork the orc
  2934 | D:4      | Reached XP level 6. HP: 41/41 MP: 7/11
  3070 | D:4      | Noticed Grinder
  3074 | D:4      | Killed Grinder
  3196 | D:4      | Found a sand-covered staircase.
  3207 | Ossuary  | Entered an ossuary
  3253 | Ossuary  | Gained mutation: You are immune to rotting. [demonic ancestry]
  3253 | Ossuary  | Reached XP level 7. HP: 34/46 MP: 13/13
  4161 | D:4      | Reached skill level 5 in Earth Magic
  4452 | D:4      | Found a blossoming altar of Fedhas.
  4455 | D:4      | Found an ancient bone altar of Kikubaaqudgha.
  4458 | D:4      | Found a glowing golden altar of the Shining One.
  4461 | D:4      | Found a sparkling altar of Nemelex Xobeh.
  4894 | D:5      | Entered Level 5 of the Dungeon
  4901 | D:5      | Noticed Menkaure
  5086 | D:5      | Reached skill level 5 in Spellcasting
  5086 | D:5      | Reached XP level 8. HP: 47/52 MP: 9/15
  5602 | D:5      | Got a crude leather armour
  6029 | D:5      | Noticed Dowan
  6031 | D:5      | Noticed Duvessa
  6032 | D:5      | Noticed Fymir27's ghost (novice TrMo)
  6051 | D:5      | Killed Dowan
  6138 | D:5      | Killed Duvessa
  6544 | D:5      | Gained mutation: You have razor-sharp toenails. [potion of mutation]
  6544 | D:5      | Gained mutation: You have claws for feet. [potion of mutation]
  6544 | D:5      | Gained mutation: Your muscles are strong. (Str +2) [potion of mutation]
  6554 | D:5      | HP: 2/52 [Fymir27's ghost (13)]
  6870 | D:4      | Learned a level 2 spell: Passwall
  7270 | D:6      | Reached skill level 5 in Armour
  7570 | D:6      | Reached skill level 5 in Conjurations
  7953 | D:6      | Found a runed door.
  8015 | D:7      | Found a staircase to the Ecumenical Temple.
  8046 | D:7      | Gained mutation: You may emit foul miasma when damaged in melee. [demonic ancestry]
  8046 | D:7      | Reached XP level 9. HP: 53/57 MP: 16/18
  8238 | D:7      | Noticed a two-headed ogre
  8379 | Temple   | Entered the Ecumenical Temple
  8562 | Temple   | Became a worshipper of Warmaster Okawaru
  8569 | Temple   | Learned a level 5 spell: Lee's Rapid Deconstruction
  8784 | D:7      | Got a brightly glowing helmet
  8790 | D:7      | Identified the +0 helmet of Springtime {Str+2} (You found it on level 7 of the Dungeon)
  8886 | D:7      | Reached skill level 1 in Fighting
  8902 | D:7      | Killed a two-headed ogre
  9721 | D:8      | Noticed Findor's ghost (novice NaWr)
  9944 | D:8      | Killed Menkaure
  9952 | D:8      | Found Fawafafa's Antique Weapon Emporium.
 10221 | D:8      | Reached * piety under Okawaru
 10289 | D:8      | Noticed a two-headed ogre
 10652 | D:8      | Reached XP level 10. HP: 58/73 MP: 14/20
 10655 | D:8      | Reached skill level 5 in Fighting
 10879 | D:8      | Identified the +2 leather armour of Guitt {Dex+9} (You found it on level 5 of the Dungeon)
 11081 | D:8      | Noticed a two-headed ogre
 11099 | D:8      | Killed a two-headed ogre
 11099 | D:8      | Reached ** piety under Okawaru
 11532 | D:9      | Noticed a two-headed ogre
 11539 | D:9      | Killed a two-headed ogre
 11711 | D:9      | Found a glowing silver altar of Zin.
 11711 | D:9      | Found a shimmering altar of Xom.
 11712 | D:9      | Noticed an angel
 11980 | D:9      | Reached *** piety under Okawaru
 13117 | D:10     | Entered Level 10 of the Dungeon
 13270 | D:10     | Reached skill level 1 in Invocations
 13604 | D:10     | Got a twisted war axe
 13605 | D:10     | Identified the cursed +2 war axe of War {drain, Str+2} (You found it on level 10 of the Dungeon)
 13684 | D:10     | Reached **** piety under Okawaru
 14287 | D:10     | Mutation became permanent: You have razor-sharp toenails. [demonic ancestry]
 14287 | D:10     | Gained mutation: You have claws for feet. [demonic ancestry]
 14287 | D:10     | Reached XP level 11. HP: 79/84 MP: 22/22
 15164 | D:11     | Got a twitching glass ring
 15165 | D:11     | Identified the ring of the Skies Above {Wiz *Corrode rC+++ MR+++ Str-2} (You found it on level 11 of the Dungeon)
 15307 | D:11     | Found a staircase to the Lair.
 15674 | D:11     | Found Efaucarpha's Antique Weapon Shoppe.
 15696 | D:11     | Noticed a brown ugly thing
 15705 | D:11     | Killed a brown ugly thing
 15992 | D:11     | Noticed a brown ugly thing
 16036 | D:11     | Killed a brown ugly thing
 16210 | D:11     | Reached ***** piety under Okawaru
 16720 | D:12     | Noticed Fannar
 16745 | D:12     | Killed Fannar
 16942 | D:12     | Noticed Kejsarherre's ghost (journeyman OgHu)
 16954 | D:12     | Found a staircase to the Orcish Mines.
 16962 | Orc:1    | Entered Level 1 of the Orcish Mines
 16967 | Orc:1    | Received a gift from Okawaru
 16971 | Orc:1    | Reached skill level 5 in Invocations
 17274 | Orc:1    | Reached skill level 1 in Staves
 17892 | Orc:1    | Found Patuhic's Armour Shop.
 18007 | Orc:1    | Bought the +0 scale mail "Rabieryiv" {rElec rC- rN+++ rCorr} for 564 gold pieces
 18146 | Orc:2    | Entered Level 2 of the Orcish Mines
 18146 | Orc:2    | Noticed Rupert
 19673 | Orc:2    | Killed Rupert
 19673 | Orc:2    | Reached skill level 5 in Dodging
 19673 | Orc:2    | Gained mutation: You are significantly more attuned to the shadows. [demonic ancestry]
 19673 | Orc:2    | Reached XP level 12. HP: 95/95 MP: 15/23
 20041 | Orc:2    | Found a staircase to the Elven Halls.
 20471 | Orc:2    | Found Vennetou's Magic Scroll Shop.
 20483 | Orc:2    | Bought a scroll of vulnerability for 112 gold pieces
 20483 | Orc:2    | Bought a scroll of teleportation for 45 gold pieces
 20483 | Orc:2    | Bought a scroll of blinking for 112 gold pieces
 20553 | Orc:2    | Noticed an ogre mage
 20652 | Orc:2    | Killed an ogre mage
 20662 | Orc:2    | Found a radiant altar of Vehumet.
 20662 | Orc:2    | Noticed an ogre mage
 20666 | Orc:2    | Killed an ogre mage
 20867 | Orc:2    | Found Yphic's Antique Weapon Boutique.
 21016 | Orc:2    | Reached skill level 10 in Fighting
 21215 | Orc:2    | Found an ancient bone altar of Kikubaaqudgha.
 21346 | Orc:2    | Found a roughly hewn altar of Beogh.
 21483 | Orc:2    | Found Anajuz's Gadget Boutique.
 21572 | Orc:2    | Bought a wand of clouds (5) for 486 gold pieces
 21580 | Orc:2    | Found Icaoc's Antique Armour Shop.
 21586 | Orc:2    | Bought a pitted ring mail for 234 gold pieces
 21586 | Orc:2    | Identified the +4 ring mail "Jeatz" {rElec rPois rC+ Dex-5} (You bought it in a shop on level 2 of the Orcish Mines)
 22271 | D:13     | Found an ornate altar of the Wu Jian Council.
 22457 | D:13     | Identified a scroll of acquirement
 22460 | D:13     | Got a warped lajatang
 22461 | D:13     | Identified the +4 lajatang "Oblolyw" {speed, rPois} (You acquired it on level 13 of the Dungeon)
 22927 | D:13     | Received a gift from Okawaru
 22988 | D:13     | Got a transparent helmet {god gift}
 23223 | D:13     | Identified the +0 helmet of the Townfolk {rN+} (Okawaru gifted it to you on level 13 of the Dungeon)
 23247 | D:13     | Noticed Erica
 23282 | D:12     | Killed Erica
 23289 | D:12     | Noticed Josephine
 23338 | D:12     | Noticed Psyche
 23342 | D:12     | Killed Psyche
 23451 | D:12     | Killed Josephine
 23451 | D:12     | Mutation became permanent: You have razor-sharp toenails. [demonic ancestry]
 23451 | D:12     | Gained mutation: You have claws for feet. [demonic ancestry]
 23451 | D:12     | Reached XP level 13. HP: 84/105 MP: 21/24
 23616 | Lair:1   | Entered Level 1 of the Lair of Beasts
 26765 | Lair:3   | Reached skill level 5 in Staves
 27221 | Lair:4   | Found a staircase to the Shoals.
 27303 | Lair:4   | Received a gift from Okawaru
 27319 | Lair:4   | Got an ancient quarterstaff {god gift}
 27320 | Lair:4   | Identified the +4 quarterstaff of Outrage {drain, Stlth+} (Okawaru gifted it to you on level 4 of the Lair of Beasts)
 27971 | Lair:4   | Found a hole to the Spider Nest.
 28126 | Lair:5   | Found the +8 orange crystal plate armour {Archmagi, Int+3 Clar}
 28197 | Lair:5   | Reached skill level 10 in Earth Magic
 29752 | Lair:6   | Entered Level 6 of the Lair of Beasts
 30284 | Lair:6   | Reached skill level 10 in Armour
 30896 | Lair:6   | Gained mutation: Your movements are less encumbered by armour. (ER -4) [demonic ancestry]
 30896 | Lair:6   | Reached XP level 14. HP: 80/114 MP: 23/25
 31653 | Lair:6   | Reached ****** piety under Okawaru
 31789 | Lair:6   | Paralysed by a hornet for 3 turns
 32189 | Lair:6   | Received a gift from Okawaru
 32190 | Lair:6   | Found the +3 sling "Punk" {acid, rCorr}
 32574 | Lair:6   | Learned a level 2 spell: Blink
 32581 | Lair:6   | Learned a level 4 spell: Petrify
 32645 | Lair:6   | Found a viscous altar of Jiyva.
 32647 | Lair:6   | Found a staircase to the Slime Pits.
 32687 | Lair:6   | Found a runed door.
 32753 | Lair:6   | Reached skill level 1 in Transmutations
 33073 | Lair:6   | Got a steaming silver amulet
 33129 | Lair:6   | Identified the amulet "Nolyplin" {Regen+ Int+5 Dex+2} (You found it on level 6 of the Lair of Beasts)
 33573 | Lair:6   | Reached skill level 1 in Translocations
 33749 | Lair:6   | Received a gift from Okawaru
 34645 | D:12     | Noticed Kirke
 34811 | D:12     | Found Caukk's Antique Weapon Emporium.
 35055 | D:12     | Found Veipuas's Antique Weapon Shoppe.
 35157 | D:12     | Killed Kirke
 35277 | D:12     | Found Qoeff's Antique Weapon Emporium.
 35535 | D:13     | Noticed Urug
 36040 | D:13     | Killed Urug
 36252 | D:13     | Received a gift from Okawaru
 36399 | D:13     | Found a gate to the Vaults.
 36607 | D:13     | Found a blossoming altar of Fedhas.
 36648 | D:13     | Found a runed door.
 36664 | D:13     | Found a runed door.
 36672 | D:13     | Found a runed door.
 36672 | D:13     | Noticed a frost giant
 36674 | D:13     | Found a runed door.
 36675 | D:13     | Found a runed door.
 37094 | D:13     | Reached XP level 15. HP: 122/122 MP: 19/26
 38097 | D:14     | Found a sacrificial altar of Ru.
 38110 | D:14     | Learned a level 6 spell: Bolt of Fire
 38222 | D:15     | Entered Level 15 of the Dungeon
 38510 | D:15     | Found a staircase to the Depths.
 38681 | D:15     | Reached skill level 1 in Fire Magic
 39025 | D:15     | Received a gift from Okawaru
 39542 | Spider:1 | Entered Level 1 of the Spider Nest
 40183 | Spider:1 | Reached skill level 2 in Fire Magic
 40464 | Spider:1 | Noticed Azrael
 40524 | Spider:1 | Killed Azrael
 40661 | Spider:1 | Noticed tmwh's ghost (journeyman HOFi)
 40679 | Spider:1 | Killed tmwh's ghost
 41164 | Spider:1 | Received a gift from Okawaru
 41611 | Spider:1 | Reached skill level 10 in Staves
 42424 | Spider:2 | Received a gift from Okawaru
 42424 | Spider:2 | Reached skill level 3 in Fire Magic
 42573 | Spider:2 | Reached XP level 16. HP: 61/129 MP: 26/28
 44054 | Spider:3 | Found a frozen archway.
 44074 | IceCv    | Entered an ice cave
 45549 | IceCv    | Noticed an Ice Fiend
 46029 | IceCv    | Killed an Ice Fiend
 46029 | IceCv    | Reached skill level 4 in Fire Magic
 46884 | Spider:3 | Received a gift from Okawaru
 47719 | Spider:4 | Entered Level 4 of the Spider Nest
 47956 | Spider:4 | Noticed Aizul
 47958 | Spider:4 | Noticed Nikola
 47976 | Spider:3 | Killed Aizul
 48074 | Spider:3 | Killed Nikola
 49011 | Spider:4 | Received a gift from Okawaru
 49190 | Spider:4 | Reached skill level 5 in Fire Magic
 49411 | Spider:4 | Reached XP level 17. HP: 118/137 MP: 20/30
 50626 | Spider:4 | Got a gossamer rune of Zot
 51041 | Vaults:1 | Entered Level 1 of the Vaults
 51054 | Vaults:1 | Found Caoskimo's Antique Armour Shop.
 51818 | Vaults:1 | Found Bofreala's Antique Armour Shop.
 51839 | Vaults:1 | Received a gift from Okawaru
 52258 | Vaults:1 | Got an ichor-stained ring mail {god gift}
 52275 | Vaults:1 | Identified the +2 ring mail of Valour {rN++ rCorr Int+3 Slay-4} (Okawaru gifted it to you on level 1 of the Vaults)
 52762 | Vaults:1 | Reached skill level 6 in Fire Magic
 53199 | Shoals:1 | Entered Level 1 of the Shoals
 54976 | Shoals:2 | Received a gift from Okawaru
 54986 | Shoals:2 | Reached skill level 7 in Fire Magic
 56089 | Shoals:2 | Gained mutation: Your movements are significantly less encumbered by armour. (ER -6) [demonic ancestry]
 56089 | Shoals:2 | Reached XP level 18. HP: 113/145 MP: 11/31
 56950 | Shoals:3 | Reached skill level 10 in Conjurations
 56979 | Shoals:3 | Identified the +1 helmet of the Game of Life {rElec} (You found it on level 3 of the Shoals)
 57078 | Shoals:3 | Reached skill level 8 in Fire Magic
 57277 | Shoals:3 | Received a gift from Okawaru
 57280 | Shoals:3 | Got a warped quarterstaff {god gift}
 57284 | Shoals:2 | Identified the +3 quarterstaff of Valiance {pain, Str+6} (Okawaru gifted it to you on level 3 of the Shoals)
 57901 | Shoals:4 | Entered Level 4 of the Shoals
 58359 | Elf:1    | Entered Level 1 of the Elven Halls
 58359 | Elf:1    | Noticed host's ghost (journeyman MiBe)
 58408 | Elf:1    | Killed host's ghost
 58447 | Elf:1    | Found Goyvawk's Antique Weapon Shoppe.
 59012 | Elf:1    | Reached skill level 9 in Fire Magic
 59327 | Elf:1    | Received a gift from Okawaru
 59686 | Elf:2    | Found a portal to a secret trove of treasure.
 60224 | Elf:2    | Found a runed gate.
 60224 | Elf:2    | Found a runed gate.
 60228 | Elf:2    | Found a runed gate.
 60496 | Vaults:1 | Gained mutation: You frequently emit foul miasma when damaged in melee. [demonic ancestry]
 60496 | Vaults:1 | Reached XP level 19. HP: 116/151 MP: 32/32
 60571 | Vaults:1 | Reached skill level 10 in Fire Magic
 61027 | Vaults:1 | Found Amairet's General Store.
 61033 | Vaults:1 | Bought a potion of cancellation for 88 gold pieces
 61701 | Vaults:2 | Received a gift from Okawaru
 62380 | Vaults:2 | Reached skill level 11 in Fire Magic
 62993 | Vaults:3 | Found a staircase to the Crypt.
 63146 | Vaults:3 | Received a gift from Okawaru
 64007 | Vaults:3 | Learned a level 3 spell: Regeneration
 64011 | Vaults:3 | Learned a level 3 spell: Spectral Weapon
 64014 | Vaults:3 | Learned a level 2 spell: Song of Slaying
 64220 | Vaults:3 | Reached skill level 1 in Charms
 64524 | Vaults:3 | Reached skill level 12 in Fire Magic
 64850 | Vaults:3 | Gained mutation: Your magical and physical power is slightly enhanced at high health. [demonic ancestry]
 64850 | Vaults:3 | Reached XP level 20. HP: 127/158 MP: 4/33
 65636 | Vaults:4 | Received a gift from Okawaru
 67053 | Vaults:4 | Received a gift from Okawaru
 67053 | Vaults:4 | Reached skill level 15 in Armour
 67467 | Shoals:4 | Noticed Ilsuiw
 67596 | Shoals:3 | Reached skill level 13 in Fire Magic
 67953 | Shoals:3 | Killed Ilsuiw
 68715 | Shoals:4 | Got a barnacled rune of Zot
 69520 | D:12     | Killed Kejsarherre's ghost
 69797 | Elf:3    | Entered Level 3 of the Elven Halls
 70066 | Elf:3    | Reached skill level 10 in Spellcasting
 70081 | Elf:3    | Reached XP level 21. HP: 152/166 MP: 3/35
 70124 | Elf:3    | Reached skill level 5 in Charms
 70127 | Elf:3    | Noticed Snarbu88's ghost (adept MiBe)
 70501 | Elf:3    | Found Coschis's Antique Weapon Emporium.
 70663 | Elf:3    | Received a gift from Okawaru
 70666 | Elf:3    | Identified the +1 crystal plate armour of Toyhigil {Dex+6} (Okawaru gifted it to you on level 3 of the Elven Halls)
 71257 | Elf:3    | Killed Snarbu88's ghost
 71617 | Elf:3    | Got a sparkling bronze ring
 71620 | Elf:3    | Identified the ring "Reumpoa" {*Tele rElec} (You took it off a deep elf blademaster on level 3 of the Elven Halls)
 71790 | Elf:3    | Reached skill level 14 in Fire Magic
 71947 | Elf:3    | Identified the cursed +0 plate armour "Haudinia" {rElec rPois Int+9 Slay-4} (You found it on level 3 of the Elven Halls)
 71974 | Elf:3    | Identified the Almanac of the Gnat
 72483 | Crypt:1  | Entered Level 1 of the Crypt
 73435 | Depths:1 | Entered Level 1 of the Depths
 73809 | Depths:1 | Received a gift from Okawaru
 74132 | Depths:1 | Found a gateway to a ziggurat.
 74219 | Depths:1 | Learned a level 1 spell: Apportation
 74221 | Depths:1 | Learned a level 1 spell: Summon Butterflies
 74228 | Depths:1 | Learned a level 6 spell: Deflect Missiles
 74255 | Depths:1 | Found a deep blue altar of Sif Muna.
 74660 | Depths:1 | Found a gateway to Hell.
 74967 | Depths:2 | Noticed Saint Roka
 75444 | Depths:1 | Killed Saint Roka
 75650 | Depths:2 | Noticed Jorgrun
 75659 | Depths:2 | Killed Jorgrun
 75686 | Depths:2 | Reached skill level 15 in Fighting
 75735 | Depths:2 | Noticed Delanovic's ghost (adept MiGl)
 75755 | Depths:2 | Killed Delanovic's ghost
 75755 | Depths:2 | Gained mutation: You are completely attuned to the shadows. [demonic ancestry]
 75755 | Depths:2 | Reached XP level 22. HP: 61/175 MP: 23/36
 76170 | Depths:2 | Received a gift from Okawaru
 76250 | Depths:2 | Noticed Sojobo
 76263 | Depths:2 | Killed Sojobo
 76611 | Depths:2 | Reached skill level 15 in Fire Magic
 77735 | Depths:3 | Found a one-way gate to the infinite horrors of the Abyss.
 77768 | Depths:3 | Voluntarily entered the Abyss.
 77834 | Abyss:2  | Found a corrupted altar of Lugonu.
 77890 | Abyss:2  | Gained mutation: You expend magic power (3 MP) to strengthen your wands. [a neqoxec]
 78874 | Abyss:3  | Received a gift from Okawaru
 78906 | Abyss:3  | Reached skill level 10 in Dodging
 79744 | Abyss:3  | Found a corrupted altar of Lugonu.
 79888 | Abyss:3  | Reached XP level 23. HP: 91/183 MP: 27/38
 80201 | Abyss:3  | Paralysed by accursed screaming for 1 turns
 80572 | Abyss:3  | Reached skill level 16 in Fire Magic
 80657 | Abyss:3  | Found an ornate altar of the Wu Jian Council.
 80717 | Abyss:3  | Received a gift from Okawaru
 80717 | Abyss:3  | Reached skill level 1 in Summonings
 81560 | Abyss:3  | Found a white marble altar of Elyvilon.
 81560 | Abyss:3  | Found a shadowy altar of Dithmenos.
 81560 | Abyss:3  | Found a shattered altar of Ashenzari.
 81561 | Abyss:3  | Found a deep blue altar of Sif Muna.
 81561 | Abyss:3  | Found a hide-covered altar of Uskayaw.
 81561 | Abyss:3  | Found a shimmering altar of Xom.
 81561 | Abyss:3  | Found a sparkling altar of Nemelex Xobeh.
 81563 | Abyss:3  | Found a basalt altar of Yredelemnul.
 81563 | Abyss:3  | Found a bloodstained altar of Trog.
 81563 | Abyss:3  | Found a burning altar of Makhleb.
 81565 | Abyss:3  | Found a stormy altar of Qazlal.
 81567 | Abyss:3  | Found an ancient bone altar of Kikubaaqudgha.
 81567 | Abyss:3  | Found a hazy altar of Hepliaklqana.
 81567 | Abyss:3  | Found a snail-covered altar of Cheibriados.
 81569 | Abyss:3  | Found an iron altar of Okawaru.
 81569 | Abyss:3  | Found a glowing golden altar of the Shining One.
 81569 | Abyss:3  | Found a glowing silver altar of Zin.
 81569 | Abyss:3  | Found an ornate altar of the Wu Jian Council.
 81571 | Abyss:3  | Found a radiant altar of Vehumet.
 81571 | Abyss:3  | Found an ornate altar of the Wu Jian Council.
 81571 | Abyss:3  | Found an opulent altar of Gozag.
 81575 | Abyss:3  | Paralysed by accursed screaming for 1 turns
 81628 | Abyss:3  | Found an ornate altar of the Wu Jian Council.
 81629 | Abyss:3  | Found an opulent altar of Gozag.
 81629 | Abyss:3  | Found an ornate altar of the Wu Jian Council.
 81631 | Abyss:3  | Found a hazy altar of Hepliaklqana.
 81635 | Abyss:3  | Found a burning altar of Makhleb.
 81637 | Abyss:3  | Found a shimmering altar of Xom.
 81637 | Abyss:3  | Found a hide-covered altar of Uskayaw.
 81637 | Abyss:3  | Found a sparkling altar of Nemelex Xobeh.
 81639 | Abyss:3  | Found a shadowy altar of Dithmenos.
 81639 | Abyss:3  | Found a white marble altar of Elyvilon.
 81639 | Abyss:3  | Found a shattered altar of Ashenzari.
 82095 | Abyss:3  | Gained mutation: [Armour fits poorly on your strangely shaped body.] [a cacodemon]
 82245 | Abyss:3  | Received a gift from Okawaru
 82248 | Abyss:3  | Lost mutation: [Armour fits poorly on your strangely shaped body.] [potion of mutation]
 82248 | Abyss:3  | Lost mutation: Your muscles are strong. (Str +2) [potion of mutation]
 82248 | Abyss:3  | Gained mutation: [Scrolls take you a little longer to read.] [potion of mutation]
 82248 | Abyss:3  | Gained mutation: Your natural rate of healing is unusually fast. [potion of mutation]
 82248 | Abyss:3  | Gained mutation: You passively map a small area around you. [potion of mutation]
 82248 | Abyss:3  | Gained mutation: You possess an exceptional clarity of mind. [potion of mutation]
 82445 | Abyss:3  | Found a corrupted altar of Lugonu.
 82474 | Abyss:3  | Found a corrupted altar of Lugonu.
 82993 | Abyss:3  | Reached XP level 24. HP: 64/192 MP: 25/39
 83007 | Abyss:3  | Reached skill level 5 in Summonings
 83085 | Abyss:3  | Reached skill level 17 in Fire Magic
 83593 | Abyss:3  | Reached skill level 10 in Charms
 83635 | Abyss:4  | Found a runed door.
 83635 | Abyss:4  | Found a runed door.
 83665 | Abyss:4  | Found a runed door.
 83666 | Abyss:4  | Found a runed door.
 83747 | Abyss:4  | Gained mutation: [Your magical capacity is extremely low. (-30% MP)] [a neqoxec]
 83904 | Abyss:4  | Received a gift from Okawaru
 84211 | Depths:3 | Escaped the Abyss
 84221 | Depths:3 | Lost mutation: [Scrolls take you a little longer to read.] [potion of mutation]
 84221 | Depths:3 | Lost mutation: You possess an exceptional clarity of mind. [potion of mutation]
 84221 | Depths:3 | Gained mutation: Your skin changes colour to match your surroundings (Stealth+). [potion of mutation]
 84221 | Depths:3 | Gained mutation: [You are clumsy. (Dex -2)] [potion of mutation]
 84221 | Depths:3 | Gained mutation: You possess an exceptional clarity of mind. [potion of mutation]
 84222 | Depths:3 | Lost mutation: You possess an exceptional clarity of mind. [potion of mutation]
 84222 | Depths:3 | Lost mutation: [Your magical capacity is low. (-10% MP)] [potion of mutation]
 84222 | Depths:3 | Lost mutation: [You are clumsy. (Dex -2)] [potion of mutation]
 84222 | Depths:3 | Gained mutation: [You are occasionally teleported next to monsters.] [potion of mutation]
 84222 | Depths:3 | Lost mutation: [You are occasionally teleported next to monsters.] [potion of mutation]
 84222 | Depths:3 | Gained mutation: You are resistant to hostile enchantments. (MR+) [potion of mutation]
 84285 | Depths:3 | Found a one-way gate leading to the halls of Pandemonium.
 84609 | Depths:3 | Noticed Boris
 84923 | Depths:3 | Killed Boris
 85390 | Depths:3 | Voluntarily entered the Abyss.
 85519 | Abyss:1  | Gained mutation: Your magical and physical power is enhanced at high health. [demonic ancestry]
 85519 | Abyss:1  | Reached XP level 25. HP: 42/201 MP: 7/28
 85568 | Abyss:1  | Received a gift from Okawaru
 85571 | Abyss:1  | Found a corrupted altar of Lugonu.
 85574 | Depths:3 | Escaped the Abyss
 85609 | Depths:3 | Reached skill level 18 in Fire Magic
 85722 | Depths:3 | Voluntarily entered the Abyss.
 86517 | Abyss:2  | Found a corrupted altar of Lugonu.
 86663 | Abyss:3  | Found an iron altar of Okawaru.
 86899 | Abyss:3  | Got an abyssal rune of Zot
 87040 | Abyss:3  | Found a corrupted altar of Lugonu.
 87184 | Abyss:3  | Found a corrupted altar of Lugonu.
 87266 | Abyss:3  | Gained mutation: [Your spells are a little easier to cast, but a little less powerful.] [a neqoxec]
 87271 | Abyss:3  | Found an ornate altar of the Wu Jian Council.
 87328 | Abyss:3  | Found a corrupted altar of Lugonu.
 87476 | Abyss:3  | HP: 7/140 [jiangshi[a vampire mage] (4)]
 87482 | Abyss:3  | Slain by a jiangshi

Skill      XL: |  1  2  3  4  5  6  7  8  9 10 11 12 13 14 15 16 17 18 19 20 21 22 23 24 25 |
---------------+----------------------------------------------------------------------------+-----
Earth Magic    | 3 4 5 6 7 8 9 10 11 | 11.0
Armour         | 1 2 3 4 5 6 7 8 10 11 12 13 14 15 16 17 | 17.5
Spellcasting   | 3 4 5 6 7 8 9 10 11 12 13 | 13.8
Conjurations   | 1 2 3 5 6 7 9 11 13 14 | 14.7
Fighting       | 4 7 9 10 11 12 13 14 15 16 17 | 17.3
Dodging        | 3 5 6 7 9 10 | 10.4
Invocations    | 2 5 7 8 |  8.4
Staves         | 2 4 6 8 10 11 12 14 | 14.0
Transmutations | 3 |  3.1
Translocations | 3 |  3.0
Fire Magic     | 3 5 7 9 12 13 14 15 16 17 18 | 18.4
Charms         | 1 4 6 8 9 10 11 | 11.3
Summonings     | 4 7 8 |  8.4
Stealth        | |  1.7

Action                   |  1- 3 |  4- 6 |  7- 9 | 10-12 | 13-15 | 16-18 | 19-21 | 22-24 | 25-27 || total
-------------------------+-------+-------+-------+-------+-------+-------+-------+-------+-------++-------
Melee: Spear             |   110 |    94 |   475 |       |       |       |       |       |       ||   679
       Kick              |     9 |    10 |   117 |   185 |   465 |   632 |   512 |   910 |   176 ||  3016
       Whip              |       |       |    65 |   169 |       |       |       |       |       ||   234
       War axe           |       |       |       |    94 |       |       |       |       |       ||    94
       Quarterstaff      |       |       |       |   214 |    12 |       |       |       |       ||   226
       Punch             |       |       |       |     4 |       |       |       |       |       ||     4
       Lajatang          |       |       |       |   101 |  1317 |  1862 |  1348 |  2413 |   523 ||  7564
 Cast: Sandblast         |    21 |    18 |   123 |    14 |     6 |     2 |       |       |       ||   184
       Stone Arrow       |       |       |    51 |   257 |   235 |   281 |     4 |     8 |       ||   836
       Lee's Rapid Decon |       |       |       |    17 |    54 |    45 |   121 |    93 |     9 ||   339
       Petrify           |       |       |       |       |     3 |    15 |    13 |       |       ||    31
       Bolt of Fire      |       |       |       |       |     4 |    11 |    46 |    25 |     6 ||    92
       Blink             |       |       |       |       |       |     1 |       |     2 |     1 ||     4
       Regeneration      |       |       |       |       |       |       |     6 |    68 |    10 ||    84
       Spectral Weapon   |       |       |       |       |       |       |     3 |     1 |       ||     4
       Song of Slaying   |       |       |       |       |       |       |     2 |       |       ||     2
       Apportation       |       |       |       |       |       |       |       |     2 |     1 ||     3
Invok: Heroism           |       |       |       |    20 |    29 |    38 |    12 |    21 |     5 ||   125
       Finesse           |       |       |       |       |     3 |     5 |       |     2 |       ||    10
Evoke: Wand              |       |       |     4 |     3 |     7 |    16 |     1 |       |       ||    31
       Phial of floods   |       |       |       |       |     2 |     2 |     2 |     1 |       ||     7
       Box of beasts     |       |       |       |       |     2 |       |       |       |       ||     2
       Phantom mirror    |       |       |       |       |       |     1 |       |       |       ||     1
  Use: Scroll            |     7 |     1 |     2 |    18 |    27 |    12 |    14 |    15 |     3 ||    99
       Potion            |       |     1 |     4 |     9 |     6 |    12 |     1 |    12 |     5 ||    50
 Stab: Sleeping          |       |     5 |    19 |     4 |    17 |     1 |       |       |       ||    46
       Distracted        |       |       |     2 |     1 |     3 |     4 |     3 |       |     2 ||    15
       Held in net/web   |       |       |     1 |       |       |       |       |       |       ||     1
       Petrified         |       |       |       |       |     8 |    14 |     3 |     1 |       ||    26
       Confused          |       |       |       |       |     1 |       |       |       |       ||     1
       Petrifying        |       |       |       |       |       |     6 |       |       |       ||     6
       Paralysed         |       |       |       |       |       |       |       |     1 |       ||     1
  Eat: Chunk             |     4 |     3 |    16 |    23 |    49 |    32 |    43 |    18 |     3 ||   191
       Ration            |       |       |     3 |     7 |     8 |    11 |    11 |    10 |     2 ||    52
Armor: Ring mail         |    37 |    27 |   224 |   185 |       |       |       |       |       ||   473
       Robe              |     2 |       |       |       |       |       |       |       |       ||     2
       Skin              |       |    27 |       |       |       |       |       |       |       ||    27
       Scale mail        |       |       |       |   105 |   225 |   286 |       |       |       ||   616
       Fire dragon scale |       |       |       |       |   217 |   146 |       |       |       ||   363
       Crystal plate arm |       |       |       |       |       |   385 |   987 |  2117 |   527 ||  4016
Dodge: Dodged            |    55 |    50 |   302 |   510 |   785 |   924 |   464 |  1199 |   298 ||  4587
Block: Other             |       |       |       |    95 |    78 |       |       |       |       ||   173
       Reflection        |       |       |       |     3 |       |       |       |       |       ||     3
